 Dungeon Sprint DCSS version 0.31.0-1-g2c135a0 (webtiles) character file.

Game seed: 1119703209646224057

186 PurpleRed the Destroyer (level 5, 0/29 (33) HPs)
             Began as a Deep Elf Conjurer on Mar 8, 2024.
             Slain by a necrophage (6 damage)
             ... in the Dungeon (Sprint II: "The Violet Keep of Menkaure").
             The game lasted 00:01:30 (47 turns).

PurpleRed the Destroyer (Deep Elf Conjurer)           Turns: 47, Time: 00:01:33

HP:   0/29 (33)     AC:  2    Str:  4    XL:     5   Next: 38%
MP:   10/17         EV: 12    Int: 25    God:
Gold: 0             SH:  0    Dex: 13    Spells: 19/20 levels left

rFire   . . .        (no weapon)
rCold   . . .        (no shield)
rNeg    . . .        a - +0 robe
rPois   .            (no helmet)
rElec   .            (no cloak)
rCorr   .            (no gloves)
SInv    .            (no boots)
Will    .....        (no amulet)
Stlth   ++           (no ring)
HPRegen 0.24/turn    (no ring)
MPRegen 0.15/turn

%: no teleportation
@: on berserk cooldown, hasted and slowed, heavily drained
A: no striking features
a: no special abilities


You were in the Dungeon.
You visited 1 branch

Inventory:

Armour
 a - a +0 robe (worn)
Scrolls
 g - a scroll of blinking
Potions
 b - 2 potions of magic


   Skills:
 - Level 4.0 Fighting
 - Level 2.4 Dodging
 - Level 2.4 Stealth
 + Level 8.4 Spellcasting
 * Level 9.7 Conjurations


You had 19 spell levels left.
You knew the following spells:

 Your Spells              Type           Power      Damage    Failure   Level
a - Magic Dart            Conj           100%       1d8       1%          1

Your spell library contained the following spells:

 Spells                   Type           Power      Damage    Failure   Level
 Searing Ray              Conj           100%       2d8       1%          2
 Fulminant Prism          Conj/Alch      17%        3d10      8%          4
 Iskenderun's Mystic Bla  Conj/Tloc      35%        2d8       8%          4


Dungeon Overview and Level Annotations

Branches:
Dungeon (1/1)

Altars:


Message History

Press: ? - help, Shift-Dir - straight line, f/p - necrophage
Aim: a necrophage (heavily damaged, 100% to hit)
The magic dart hits the necrophage.
The necrophage is heavily damaged.
The necrophage hits you.
You feel drained.
Casting: Magic Dart (safe; 1% risk of failure)
Confirm with . or Enter, or press ? or * to list all spells.
Aiming: Magic Dart (safe; 1% risk of failure)
Press: ? - help, Shift-Dir - straight line, f/p - necrophage
Aim: a necrophage (heavily damaged, 100% to hit)
The magic dart hits the necrophage.
The necrophage is severely damaged.
Your extra speed is starting to run out.
The necrophage hits you!
* * * LOW HITPOINT WARNING * * *
You feel drained.
* * * LOW HITPOINT WARNING * * *
Unknown command.
You feel better. The necrophage misses you.
Casting: Magic Dart (safe; 1% risk of failure)
Confirm with . or Enter, or press ? or * to list all spells.
Aiming: Magic Dart (safe; 1% risk of failure)
Press: ? - help, Shift-Dir - straight line, f/p - necrophage
Aim: a necrophage (severely damaged, 100% to hit)
The magic dart hits the necrophage.
The necrophage is severely damaged.
The necrophage hits you.
* * * LOW HITPOINT WARNING * * *
You feel drained.
* * * LOW HITPOINT WARNING * * *
Unknown command.
Casting: Magic Dart (safe; 1% risk of failure)
Confirm with . or Enter, or press ? or * to list all spells.
Aiming: Magic Dart (safe; 1% risk of failure)
Press: ? - help, Shift-Dir - straight line, f/p - necrophage
Aim: a necrophage (severely damaged, 100% to hit)
The magic dart hits the necrophage but does no damage.
The necrophage is severely damaged.
The necrophage hits you.
You die...

# #+# .##
##.##.B.#
+.<.+#
##@##$B.#
#n# .##
.$. #
..#.. ##.
.## ## ##


You could see a necrophage.

Vanquished Creatures
  3 necrophages (D)
3 creatures vanquished.

Notes
Turn   | Place    | Note
-------+----------+-------------------------------------------
     0 | D        | PurpleRed the Deep Elf Conjurer began the quest for the
                  | Orb.
     0 | D        | Reached XP level 1. HP: 10/10 MP: 6/6
     2 | D        | Noticed a boulder beetle
     2 | D        | Noticed a boulder beetle
     5 | D        | Noticed a necrophage
     5 | D        | Noticed a necrophage
     5 | D        | Noticed a necrophage
     5 | D        | Noticed a necrophage
    17 | D        | Killed a necrophage
    18 | D        | Reached skill level 5 in Spellcasting
    18 | D        | Reached skill level 7 in Conjurations
    18 | D        | Reached XP level 2. HP: 12/18 MP: 4/10
    18 | D        | Reached XP level 3. HP: 15/22 MP: 4/12
    28 | D        | Killed a necrophage
    29 | D        | Reached skill level 8 in Conjurations
    29 | D        | Reached XP level 4. HP: 14/29 MP: 5/15
    36 | D        | Killed a necrophage
    37 | D        | Reached skill level 9 in Conjurations
    37 | D        | Reached XP level 5. HP: 29/33 MP: 0/17
    47 | D        | Slain by a necrophage

Illustrated notes

Levels and vault maps discovered:
D:        the_violet_keep_of_menkaure [sprint2_stairs_cluster_1,
          sprint2_shoproom, sprint2_temple, sprint2_basic_supplies,
          sprint2_obstacle_1, sprint2_obstacle_5, sprint2_obstacle_6,
          sprint2_obstacle_3, sprint2_obstacle_4, sprint2_timed_cluster_1,
          sprint2_smallroom_cluster_1, sprint2_smallroom_final_cluster_1,
          sprint2_transparent_cluster_1, sprint2_second_timed_cluster_1,
          sprint2_sniper_area_1, sprint2_heavy_combat_area_1,
          sprint2_mutation_trap_area_1, sprint2_forest_area_1,
          sprint2_light_combat_area_1, sprint2_behind_water_1,
          sprint2_near_end_vault_1]

Skill      XL: |  1  2  3  4 |
---------------+-------------+-----
Fighting       | 2 3 4 |  4.0
Spellcasting   | 5 7 8 |  8.4
Conjurations   | 7 8 9 |  9.7
Dodging        | |  2.4
Stealth        | |  2.4

Action                     |  1- 3 |  4- 6 || total
---------------------------+-------+-------++-------
  Melee: Unarmed           |    19 |       ||    19
   Cast: Magic Dart        |     2 |    15 ||    17
    Use: Potion            |     2 |     3 ||     5
 Armour: Robe              |     5 |    11 ||    16
  Dodge: Dodged            |     7 |     6 ||    13
